AoeStats
← 鄙人張麻子

Arabia

503326442Analyzed
1v1 RM · 1mo ago on Aug 31, 2026· 48m 37s· 2 players
Game mode
Random Map
Map size
Tiny (2 player)
Population
200
Speed
Normal
Resources
Standard
Victory
Conquest
Starting age
Dark Age
Ending age
Imperial Age
RankedLock teamsTeams togetherTeam positionsShared explorationLock speedFull tech treeHidden civsTurbo modeCheats
Victory
Defeat
🇹🇼 Magyars · Taiwan
1262
+21
🇧🇬 Slavs · Bulgaria
1379
-21
鄙人張麻子
7:02 Loom
8:59 Feudal Age
9:59 Double-Bit Axe
15:58 Fletching
19:23 Wheelbarrow
23:38 Castle Age
21:56 Horse Collar
23:03 Bloodlines
23:42 Scale Barding Armor
26:59 Bodkin Arrow
28:02 Husbandry
31:01 Thumb Ring
32:08 Light Cavalry
33:25 Ballistics
34:13 Hand Cart
33:45 Town Watch
34:33 Fervor
36:54 Chain Barding Armor
36:36 Gold Mining
40:56 Imperial Age
42:46 Bracer
44:04 Chemistry
42:55 Hussar
44:17 Hand Cart
44:15 Recurve Bow
44:59 Plate Barding Armor
47:29 Parthian Tactics
46:53 Heavy Cavalry Archer
48:05 Padded Archer Armor
48:32 Conscription
IYI_cptn
9:25 Feudal Age
7:58 Loom
9:33 Man-at-Arms
10:14 Double-Bit Axe
17:29 Fletching
17:40 Scale Mail Armor
21:58 Castle Age
21:53 Forging
21:33 Horse Collar
22:51 Wheelbarrow
22:37 Long Swordsman
23:19 Squires
23:35 Bow Saw
24:10 Pikeman
28:03 Chain Mail Armor
33:15 Hand Cart
33:43 Heavy Plow
35:20 Iron Casting
35:26 Ballistics
39:49 Imperial Age
41:07 Plate Mail Armor
40:00 Halberdier
41:23 Conscription
41:25 Capped Ram
45:21 Blast Furnace
45:48 Scale Barding Armor
48:11 Chain Barding Armor
Connection lost

Rejoining the realm…

Still unreachable

The connection could not be restored.

Session expired

The server has moved on; the page needs a fresh start.